Cogmind - Beta 16 @@@ ROGUE MODE // 2025.11.05 @ 19:40:00 Player: lrcTempest Result: Self-destructed Performance ------------- Evolutions (7) 3500 Regions Visited (11) 2200 Robots Destroyed (87) 435 Value Destroyed (2771) 2771 Prototype IDs (45) 900 Alien Tech Used (2) 400 Bonus (1288) 1288 TOTAL SCORE: 11494 Bonus ------- High Alert Combat Kills 86 Follower Combat Kills 102 Registered with UFD 300 Met Optimus in HQ 500 Met Zhirov 300 Cogmind --------- Core Integrity 155/1300 Matter 258/300 Energy 76/100 System Corruption 11% Temperature Cool (0) Movement Flying (35) Location -3/Testing Parts ------- > --- POWER (2) -------- (None) > --- PROPULSION (6) --- Electron Diverter > --- UTILITY (11) ----- Experimental Optical Array Spectral Analyzer Advanced Signal Interpreter Advanced Hacking Suite > --- WEAPON (2) ------- Companion Sword > --- INVENTORY (5) ---- Compact Particle Reactor Improved Potential Cannon Gamma Bomb Array Improved Plasma Cutter Peak State ------------ > --- POWER ------------ Light Antimatter Reactor Light Antimatter Reactor > --- PROPULSION ------- Nuclear Pulse Thruster Cooled Nuclear Pulse Thruster Cooled Nuclear Pulse Thruster Cooled Nuclear Pulse Thruster Impulse Thruster Array > --- UTILITY ---------- Advanced Sensor Array Advanced Signal Interpreter Advanced Melee Analysis Suite ECM Suite Advanced Reaction Control System Improved Utility Shielding Hacking Suite Hacking Suite Advanced System Shield A0-MCA's Component Scanner > --- WEAPON ----------- Long-range Phase Cannon Companion Sword > --- INVENTORY -------- Light Antimatter Reactor Advanced Sensor Array Transdimensional Reconstructor Improved Plasma Cutter Great Axe [Rating: 120] Favorites ----------- Power Light Ion Engine Engine Light Ion Engine Power Core Light Fission Core Reactor Light Antimatter Reactor Propulsion Light Treads Treads Light Treads Leg Thunder Leg Hover Unit Improved Antigrav System Flight Unit Cooled Nuclear Pulse Thruster Utility Large Storage Unit Device Advanced Sensor Array Storage Large Storage Unit Processor Advanced Melee Analysis Suite Hackware Hacking Suite Protection Light Armor Plating Weapon Assault Rifle Energy Gun Hypervelocity EM Gauss Rifle Energy Cannon Long-range Phase Cannon Ballistic Gun Assault Rifle Ballistic Cannon Assault Cannon Launcher Compact Tesla Bomb Launcher Slashing Weapon Companion Sword Piercing Weapon Kinetic Spear Build | -11 -10 -10 -7 -5 -5 -5 -5 -4 -4 -3 -3 ------- Run | Yrd Mat Sub Scr Fac Upp Upp Zhi Pro Fac Res Tes Slots Evolved 14 | . . . . 10 . . . . 2 2 . Power 1 | . . . . . . . . . 1 . . Propulsion 4 | . . . . 4 . . . . . . . Utility 9 | . . . . 6 . . . . 1 2 . Weapon . | . . . . . . . . . . . . Parts Attached 105 | 7 2 3 . 42 . 1 10 . 15 15 10 Power 11 | 1 . . . 4 . . 1 . . 4 1 Engine 1 | 1 . . . . . . . . . . . Core 4 | . . . . 4 . . . . . . . Reactor 6 | . . . . . . . 1 . . 4 1 Propulsion 29 | 2 . . . 17 . . 3 . 1 5 1 Treads 6 | 2 . . . 4 . . . . . . . Leg 11 | . . . . 11 . . . . . . . Wheel . | . . . . . . . . . . . . Hover 3 | . . . . . . . . . . 3 . Flight 9 | . . . . 2 . . 3 . 1 2 1 Utility 45 | 2 2 . . 15 . 1 6 . 12 4 3 Device 16 | 1 . . . 6 . 1 1 . 5 2 . Storage 4 | 1 1 . . 1 . . 1 . . . . Processor 10 | . . . . 5 . . 1 . 2 . 2 Hackware 8 | . . . . . . . 2 . 3 2 1 Protection 7 | . 1 . . 3 . . 1 . 2 . . Artifact . | . . . . . . . . . . . . Weapon 20 | 2 . 3 . 6 . . . . 2 2 5 Energy Gun 1 | . . . . . . . . . . . 1 Energy Cannon 4 | . . 1 . 1 . . . . . 1 1 Ballistic Gun 4 | 2 . 1 . . . . . . . . 1 Ballistic Cannon 1 | . . . . 1 . . . . . . . Launcher 5 | . . 1 . 1 . . . . 2 . 1 Special Weapon . | . . . . . . . . . . . . Impact Weapon . | . . . . . . . . . . . . Slashing Weapon 4 | . . . . 3 . . . . . 1 . Piercing Weapon 1 | . . . . . . . . . . . 1 Special Melee Weapon . | . . . . . . . . . . . . Unidentified Prototypes 12 | . . . . 2 . . 6 . . 1 3 Parts Lost 41 | . . . . 23 . . . 2 2 14 . Power 4 | . . . . 2 . . . . . 2 . Propulsion 21 | . . . . 14 . . . 1 1 5 . Utility 15 | . . . . 7 . . . 1 1 6 . Weapon 1 | . . . . . . . . . . 1 . Highest Loss Streak 12 | . . . . 11 . . . 2 2 12 . To Critical Strikes . | . . . . . . . . . . . . Average Backups 6 | 1 3 4 7 11 2 3 3 3 4 4 3 Power . | . . . . . . . . 1 . . . Propulsion . | . . . . 2 . . . . . . . Utility 1 | . . 1 1 2 1 1 1 . 1 . . Weapon 2 | 1 2 3 5 4 1 2 1 1 . 1 1 Tool/Special . | . . . . . . . . . . . . Unused Backups 17 | . . . . 10 . . 1 . 2 3 1 Power 3 | . . . . 2 . . . . . 1 . Propulsion 1 | . . . . 1 . . . . . . . Utility 3 | . . . . 1 . . . . 1 1 . Weapon 6 | . . . . 4 . . 1 . . 1 . Tool/Special 4 | . . . . 2 . . . . 1 . 1 Average Slot Usage (%) 81 | . 100 100 100 84 47 50 72 86 75 69 21 Engine 5 | . 14 14 14 . . . . . . . . Core 1 | . . . . 3 5 5 5 5 3 . . Treads 11 | . 28 28 28 6 . . . . . . . Leg 5 | . . . . 23 . . . . . . . Flight 6 | . . . . . 11 11 20 27 19 16 2 Device 4 | . 6 . . 9 . 3 5 3 8 9 . Storage 6 | . 14 14 14 4 . . . . . . . Processor 10 | . . . . 15 17 17 17 23 18 12 11 Hackware 3 | . . . . . . . 6 11 9 12 3 Protection 7 | . 7 14 14 7 . . 2 5 3 3 . Ballistic Gun 10 | . 28 27 28 1 . . . . . . . Slashing Weapon 4 | . . . . 6 11 11 11 2 5 6 2 Peak Build Rating 120 | 7 7 7 12 86 53 53 98 98 116 120 55 Average Rating 50 | 4 7 7 9 69 52 52 75 95 98 89 34 On Entrance 41 | . 7 7 7 12 53 51 53 98 91 84 35 Avg Prop Armor Cover (%) 13 | . . . . 13 . . . . . 14 . Naked Turns . | . . . . . . . . . . . . Heaviest Build 109 | 13 30 31 30 109 15 17 23 19 34 47 6 Greatest Support 119 | 40 40 40 40 119 19 19 37 37 31 46 8 Greatest Overweight (x) 2 | . . . . 2 . . . . 1 1 1 Average Overweight (x) . | . . . . . . . . . . . . Largest Inventory Capacity 25 | 8 15 15 15 25 5 5 5 5 5 5 5 Average Capacity 11 | 6 14 15 15 16 5 5 5 5 5 5 5 Most Carried 17 | 5 4 5 11 17 5 5 5 5 5 5 5 Average Carried 7 | 1 3 4 8 14 4 4 4 3 4 4 4 Final Capacity 15 | 8 15 15 15 5 5 5 5 5 5 5 5 Final Carried 11 | 1 4 5 11 5 4 5 4 4 3 2 5 Class Distribution -------------------- 45% | Mutant 20% | Hacker-Sprinter 11% | Gladiator 7% | Scavenger-Gladiator 6% | Scavenger-Mutant 5% | Hacker-Mutant 3% | Hacker-Scout Dominant Class ---------------- Mutant | -10/Materials Mutant | -10/Subcaves Mutant | -7/Scraptown Scavenger-Gladiator | -5/Factory Gladiator | -5/Upper Caves Gladiator | -5/Upper Caves Hacker-Sprinter | -5/Zhirov Hacker-Sprinter | -4/Proximity Caves Hacker-Sprinter | -4/Factory Hacker-Sprinter | -3/Research Mutant | -3/Testing Resources | -11 -10 -10 -7 -5 -5 -5 -5 -4 -4 -3 -3 ----------- Run | Yrd Mat Sub Scr Fac Upp Upp Zhi Pro Fac Res Tes Matter Collected 2366 | 193 187 191 25 544 . 47 117 196 564 164 138 Remotely . | . . . . . . . . . . . . Salvage Created 3980 | 15 129 68 . 1696 . 76 324 202 1051 281 138 Parts 208 | 4 7 7 . 87 . 3 2 14 52 28 4 Haulers Intercepted 3 | . . . . 1 . . . . 2 . . Recyclers Shooed 4 | 1 . . . 2 . . . . 1 . . Parts Field Recycled . | . . . . . . . . . . . . Retrieved Matter . | . . . . . . . . . . . . Parts Self-Destructed 10 | . . 1 . . . . 2 7 . . . Prevented . | . . . . . . . . . . . . Parts Restored . | . . . . . . . . . . . . Kills | -11 -10 -10 -7 -5 -5 -5 -5 -4 -4 -3 -3 ------- Run | Yrd Mat Sub Scr Fac Upp Upp Zhi Pro Fac Res Tes Combat Hostiles Destroyed 56 | . 3 4 . 27 . . . 13 5 4 . Melee 27 | . . . . 22 . . . . 1 4 . Guns 3 | . 3 . . . . . . . . . . AOE 26 | . . 4 . 5 . . . 13 4 . . Classes Destroyed 16 | 1 1 3 . 7 . 1 . . 2 1 . Worker 5 | . . . . 2 . . . . 3 . . Builder 6 | . . . . 4 . . . . 2 . . Tunneler 4 | 1 . . . . . . . . 3 . . Hauler 3 | . . . . 1 . . . . 2 . . Recycler 7 | . . . . 3 . . . . 3 . 1 Operator 2 | . . . . . . . . . 1 1 . Watcher 4 | . . . . . . . . . 2 2 . Swarmer 30 | . . 3 . 14 . . . 10 3 . . Cutter 2 | . . . . . . . . . . 2 . Grunt 11 | . 3 . . 4 . . . 3 1 . . Sentry 5 | . . . . 5 . . . . . . . Hunter 2 | . . . . 2 . . . . . . . Programmer 5 | . . . . 2 . . . . 1 2 . Artisan 1 | . . 1 . . . . . . . . . Subdweller 1 | . . 1 . . . . . . . . . Decomposer 1 | . . . . . . 1 . . . . . Samaritan 3 | . . . . . . 1 . 2 . . . Best Kill Streak 8 | 1 2 3 . 8 . . . 5 4 4 1 Combat Bots Only 6 | . 2 3 . 6 . . . 5 3 4 . Max Kills in Single Turn 4 | 1 1 2 . 4 . 1 . 3 2 2 1 Gunslinging . | . . . . . . . . . . . . Exploded 3 | . . 2 . 3 . . . 3 2 . . Melee 2 | . . . . 1 . . . . 1 2 . Uniques/NPCs Destroyed . | . . . . . . . . . . . . Combat | -11 -10 -10 -7 -5 -5 -5 -5 -4 -4 -3 -3 -------- Run | Yrd Mat Sub Scr Fac Upp Upp Zhi Pro Fac Res Tes Hostile Shots Fired 583 | . 15 8 . 266 . . . 34 114 124 22 Missed 231 | . 5 1 . 71 . . . 15 73 55 11 Hits 352 | . 10 7 . 195 . . . 19 41 69 11 Melee 3 | . . . . . . . . . . 3 . Projectile 349 | . 10 7 . 195 . . . 19 41 66 11 AOE 5 | . . . . 1 . 1 . . . 3 . Critical Strikes 13 | . . . . 3 . . . 1 3 5 1 Actively Blocked 3 | . . . . 1 . . . . 2 . . Part Disruptions 1 | . . . . 1 . . . . . . . Damage Taken 7590 | . 108 108 . 4135 . 38 . 299 689 1953 260 Core 2009 | . 30 32 . 574 . 24 . 100 135 976 138 Absorbed by Shields . | . . . . . . . . . . . . Redirected to Shielding 410 | . . . . 104 . . . 72 151 83 . Core Remaining (%) 73 | 100 . . 75 . . . . 30 88 . . Volleys Fired 90 | 4 11 13 . 5 . . . 24 13 20 . Largest 2 | 2 2 2 . 1 . . . 1 1 1 . Hottest 105 | 40 40 60 . 98 . . . 46 49 105 . Shots Fired 111 | 8 22 21 . 5 . . . 22 13 20 . Gun 42 | 8 22 12 . . . . . . . . . Cannon 22 | . . 1 . 1 . . . . . 20 . Launcher 47 | . . 8 . 4 . . . 22 13 . . Special . | . . . . . . . . . . . . Kinetic 42 | 8 22 12 . . . . . . . . . Thermal 22 | . . 1 . 1 . . . . . 20 . Explosive 34 | . . 8 . 4 . . . 22 . . . Electromagnetic 13 | . . . . . . . . . 13 . . Robot Hit Streak 5 | 3 4 5 . 2 . . . . . . . Robot Miss Streak 1 | 1 1 1 . . . . . . . . . Penetration Max . | . . . . . . . . . . . . Secondary Targets . | . . . . . . . . . . . . Shots Hit Robots 177 | 6 15 7 . 92 . 2 11 2 23 17 2 Core Hits 123 | 1 6 6 . 47 . 2 4 19 27 10 1 Critical Kills . | . . . . . . . . . . . . Critical Parts Destroyed 1 | . 1 . . . . . . . . . . Critical Strikes 7 | . 1 . . 6 . . . . . . . Destroy 1 | . 1 . . . . . . . . . . Sever 2 | . . . . 2 . . . . . . . Melee Attacks 294 | . . . . 138 . 4 13 3 63 62 11 Impact . | . . . . . . . . . . . . Slashing 292 | . . . . 138 . 4 13 3 63 62 9 Piercing 2 | . . . . . . . . . . . 2 Sneak Attacks 30 | . . . . 12 . 2 . 2 13 . 1 Combat Hostiles . | . . . . . . . . . . . . Follow-up Attacks 12 | . . . . 8 . . 1 . . 3 . Damage Inflicted 12672 | 72 190 322 . 5056 . 198 1021 2184 2719 803 107 Guns 336 | 72 190 74 . . . . . . . . . Cannons 31 | . . . . 31 . . . . . . . Explosions 4000 | . . 248 . 829 . . . 2010 913 . . Melee 8304 | . . . . 4196 . 198 1021 174 1806 803 106 Ramming 1 | . . . . . . . . . . . 1 Kinetic 336 | 72 190 74 . . . . . . . . . Thermal 116 | . . . . 31 . . . . 85 . . Explosive 3087 | . . 248 . 829 . . . 2010 . . . Electromagnetic 828 | . . . . . . . . . 828 . . Impact . | . . . . . . . . . . . . Slashing 8304 | . . . . 4196 . 198 1021 174 1806 803 106 Piercing . | . . . . . . . . . . . . Highest Corruption 11 | . . . . 5 5 5 5 5 7 11 11 Average Corruption 4 | . . . . 2 5 5 5 5 3 7 11 Corruption Purged 3 | . . . . 3 . . . . . . . Corruption Blocked . | . . . . . . . . . . . . Effects 62 | . . . . 9 11 5 2 5 7 15 8 Message Errors 19 | . . . . 2 6 1 1 2 1 4 2 Matter Fused 13 | . . . . 2 2 2 1 . 2 2 2 Heat Flow Errors 7 | . . . . 1 2 . . 1 . 2 1 Energy Discharges 10 | . . . . 1 . . . . 4 2 3 Parts Fused 2 | . . . . . . 1 . . . 1 . Data Loss (minor) 4 | . . . . 1 1 1 . . . 1 . Data Loss (major) 4 | . . . . 2 . . . . . 2 . Misdirections 1 | . . . . . . . . . . 1 . Weapon Failures 2 | . . . . . . . . 2 . . . Overload Shots . | . . . . . . . . . . . . Overflow Damage 1193 | . . . . 380 . . 175 210 273 109 46 Projectiles . | . . . . . . . . . . . . Explosions 240 | . . . . 105 . . . 135 . . . Melee 953 | . . . . 275 . . 175 75 273 109 46 Knockbacks . | . . . . . . . . . . . . Impact . | . . . . . . . . . . . . Kinetic . | . . . . . . . . . . . . Secondary . | . . . . . . . . . . . . Self-Inflicted Damage 39 | . . . . . . . . . 39 . . Shots 2 | . . . . . . . . . 2 . . Rammed 1 | . . . . . . . . . . . 1 Targets Rammed 1 | . . . . . . . . . . . 1 Kicked . | . . . . . . . . . . . . Crushed . | . . . . . . . . . . . . Highest Temperature 270 | . 8 . . 144 231 . . 270 . 211 65 Average Temperature 79 | . 3 . . 55 108 . . 162 . 74 65 Received Heat Transfer 684 | . 60 6 . 444 . 12 . . 81 81 . Siege Activations . | . . . . . . . . . . . . Martial Activations . | . . . . . . . . . . . . Shielding Activations . | . . . . . . . . . . . . Robots Disrupted . | . . . . . . . . . . . . Combat Hostiles . | . . . . . . . . . . . . Robots Corrupted . | . . . . . . . . . . . . Combat Hostiles . | . . . . . . . . . . . . Parts Fried 2 | . . . . . . . . . 2 . . Impact Corruptions . | . . . . . . . . . . . . Robots Melted . | . . . . . . . . . . . . Combat Hostiles . | . . . . . . . . . . . . Parts Melted . | . . . . . . . . . . . . Heat Transferred 200 | . . . . 50 . . . . 150 . . Parts Sabotaged . | . . . . . . . . . . . . Parts Stolen . | . . . . . . . . . . . . Parts Stripped . | . . . . . . . . . . . . Power Chain Reactions 1 | . . . . . . . . . 1 . . Alert | -11 -10 -10 -7 -5 -5 -5 -5 -4 -4 -3 -3 ------- Run | Yrd Mat Sub Scr Fac Upp Upp Zhi Pro Fac Res Tes Maximum Alert Level 3 | . . . . 2 . . . . 3 2 . Low Security (%) 45 | 100 100 . . 65 . . . . 8 . 100 Level 1 24 | . . . . 33 . . . . 2 49 . Level 2 25 | . . . . 1 . . . . 67 50 . Level 3 4 | . . . . . . . . . 21 . . Level 4 . | . . . . . . . . . . . . Level 5 . | . . . . . . . . . . . . High Security . | . . . . . . . . . . . . Max Security . | . . . . . . . . . . . . Peak Influence 930 | 5 41 . . 482 . . . . 930 478 151 Initial 448 | . . . . . . . . . 163 448 151 Average 266 | . 9 . . 138 . . . . 563 375 120 Influence Increases 3236 | 5 72 70 . 867 . . 15 380 1320 412 95 Destroy 0b10 Robot/C 1140 | . 60 60 . 540 . . . 260 140 80 . Destroy 0b10 Robot/NC 170 | 5 . . . 50 . . 15 . 80 15 5 Destroy Leader 184 | . 10 10 . 82 . . . 30 28 24 . Allied During Kill 3 | . . . . . . . . . 3 . . Successful Hack 119 | . . . . 41 . . . . 28 24 26 Disable Machine 165 | . . . . 15 . . . . 75 15 60 Destroy Structure 240 | . 2 . . 94 . . . . 66 74 4 Partial Spotted 105 | . . . . . . . . . 75 30 . Lose Combat Pursuer 1110 | . . . . 45 . . . 90 825 150 . Influence Decreases 3110 | 5 72 70 . 501 306 60 15 120 725 997 239 Entered New Map 771 | . . . . . 136 12 . . 97 407 119 Time Decay 1687 | 5 72 70 . 369 170 48 15 100 368 350 120 Search Patrol Dispatched 300 | . . . . . . . . . 200 100 . Lost Part 310 | . . . . 130 . . . 20 20 140 . Lost Ally 42 | . . . . 2 . . . . 40 . . Squads Dispatched 33 | . 3 . . 9 . . . . 12 6 3 Investigation 15 | . . . . 4 . . . . 8 2 1 Extermination 8 | . . . . 3 . . . . 2 2 1 Reinforcement 9 | . 3 . . 2 . . . . 1 2 1 Assault 1 | . . . . . . . . . 1 . . Garrison . | . . . . . . . . . . . . Intercept . | . . . . . . . . . . . . Searches Triggered 3 | . . . . . . . . . 2 1 . Construction Impeded . | . . . . . . . . . . . . Haulers Reinforced . | . . . . . . . . . . . . Active Scanning Responses . | . . . . . . . . . . . . Cargo Convoy Interrupts . | . . . . . . . . . . . . Stealth | -11 -10 -10 -7 -5 -5 -5 -5 -4 -4 -3 -3 --------- Run | Yrd Mat Sub Scr Fac Upp Upp Zhi Pro Fac Res Tes Distress Signals 10 | . . . . 1 . . . . 2 6 1 Communications Jammed . | . . . . . . . . . . . . Distress Signals . | . . . . . . . . . . . . Times Spotted 209 | . 5 5 . 40 . . . 23 67 57 12 Peak Tracking Total 21 | . 2 3 . 7 . . . 13 21 12 13 Tactical Retreats 35 | . . . . 2 . . . 2 18 13 . ECM-based Alert Blocks 17 | . . . . . . . . . . 17 . Traps | -11 -10 -10 -7 -5 -5 -5 -5 -4 -4 -3 -3 ------- Run | Yrd Mat Sub Scr Fac Upp Upp Zhi Pro Fac Res Tes Traps Triggered 4 | . . . . 1 . . . . 1 1 1 Indirectly . | . . . . . . . . . . . . Trap Hack Attempts . | . . . . . . . . . . . . Triggered . | . . . . . . . . . . . . Disarmed . | . . . . . . . . . . . . Reprogrammed . | . . . . . . . . . . . . Reused . | . . . . . . . . . . . . Traps Extracted . | . . . . . . . . . . . . Installed . | . . . . . . . . . . . . Triggered . | . . . . . . . . . . . . Machines | -11 -10 -10 -7 -5 -5 -5 -5 -4 -4 -3 -3 ---------- Run | Yrd Mat Sub Scr Fac Upp Upp Zhi Pro Fac Res Tes Machines Disabled 11 | . . . . 1 . . . . 5 1 4 Max in Single Turn 1 | . . . . 1 . . . . 1 1 1 Garrison Access 1 | . . . . . . . . . . 1 . Machines Repaired . | . . . . . . . . . . . . Machines Dismantled . | . . . . . . . . . . . . Machines Sabotaged . | . . . . . . . . . . . . Overloaded Fab Kills . | . . . . . . . . . . . . Hacking | -11 -10 -10 -7 -5 -5 -5 -5 -4 -4 -3 -3 --------- Run | Yrd Mat Sub Scr Fac Upp Upp Zhi Pro Fac Res Tes Machines Accessed 48 | . . . 4 13 . . 5 . 12 9 5 Terminals 15 | . . . . 4 . . . . 2 5 4 Fabricators 6 | . . . . 2 . . . . 3 . 1 Repair Stations 1 | . . . . . . . . . . 1 . Recycling Units 11 | . . . . 4 . . . . 6 1 . Scanalyzers 2 | . . . . 2 . . . . . . . Garrison Access 4 | . . . . 1 . . . . 1 2 . Total Hacks 119 | . . . 12 28 . . 18 . 30 23 8 Successful 65 | . . . 12 14 . . 18 . 15 3 3 Failed 53 | . . . . 13 . . . . 15 20 5 Catastrophic 10 | . . . . 1 . . . . 3 4 2 Database Lockouts 1 | . . . . 1 . . . . . . . Manual 37 | . . . . 12 . . . . 20 5 . Terminals 31 | . . . . 7 . . . . 4 14 6 Fabricators 15 | . . . . 3 . . . . 10 . 2 Repair Stations 3 | . . . . . . . . . . 3 . Recycling Units 25 | . . . . 8 . . . . 14 3 . Scanalyzers 9 | . . . . 9 . . . . . . . Garrison Access 6 | . . . . 1 . . . . 2 3 . Terminal Hacks 38 | . . . 12 3 . . 18 . 1 2 2 Record 17 | . . . 11 . . . 6 . . . . Part Schematic 4 | . . . . . . . 4 . . . . Robot Analysis 4 | . . . . . . . 4 . . . . Prototype ID Bank 4 | . . . . . . . 4 . . . . Open Door 1 | . . . 1 . . . . . . . . Branch Access Points 1 | . . . . . . . . . . 1 . Machine Index 1 | . . . . . . . . . . 1 . Terminal Index 1 | . . . . . . . . . . . 1 Locate Traps 1 | . . . . 1 . . . . . . . Hauler Manifests 1 | . . . . 1 . . . . . . . Zone Layout 3 | . . . . 1 . . . . 1 . 1 Fabricator Hacks 7 | . . . . . . . . . 6 . 1 Load Schematic 4 | . . . . . . . . . 4 . . Build 3 | . . . . . . . . . 2 . 1 Repair Station Hacks . | . . . . . . . . . . . . Recycling Unit Hacks . | . . . . . . . . . . . . Scanalyzer 6 | . . . . 6 . . . . . . . Insert Component 2 | . . . . 2 . . . . . . . Analyze 3 | . . . . 3 . . . . . . . Retrieve Study 1 | . . . . 1 . . . . . . . Garrison Access Hacks 1 | . . . . . . . . . . 1 . Seal Access 1 | . . . . . . . . . . 1 . Unauthorized Hacks 13 | . . . . 5 . . . . 8 . . Terminals 1 | . . . . . . . . . 1 . . Botnet 1 | . . . . . . . . . 1 . . Fabricators 4 | . . . . 1 . . . . 3 . . Prioritize 1 | . . . . . . . . . 1 . . Liberate 1 | . . . . 1 . . . . . . . Recompile 2 | . . . . . . . . . 2 . . Repair Stations . | . . . . . . . . . . . . Recycling Units 8 | . . . . 4 . . . . 4 . . Fedlink 8 | . . . . 4 . . . . 4 . . Scanalyzers . | . . . . . . . . . . . . Garrison Access . | . . . . . . . . . . . . Data Cores Recovered . | . . . . . . . . . . . . Used . | . . . . . . . . . . . . Hacking Detections 28 | . . . . 10 . . . . 6 8 4 Full Trace Events 5 | . . . . . . . . . 2 2 1 Feedback Events 1 | . . . . . . . . . . 1 . Hackware Fried 1 | . . . . . . . . . . 1 . Feedback Blocked . | . . . . . . . . . . . . Robot Schematics Acquired . | . . . . . . . . . . . . Robots Built . | . . . . . . . . . . . . Authchips . | . . . . . . . . . . . . Time . | . . . . . . . . . . . . Total Robot Build Rating . | . . . . . . . . . . . . Part Schematics Acquired 6 | . . . . 2 . . 4 . . . . Parts Built 4 | . . . . . . . . . 3 . 1 Authchips 2 | . . . . . . . . . 2 . . Time 268 | . . . . . . . . . 140 . 128 Total Part Build Rating 25 | . . . . . . . . . 17 . 8 Part Studies Acquired 1 | . . . . 1 . . . . . . . Parts Repaired . | . . . . . . . . . . . . Time . | . . . . . . . . . . . . Parts Recycled . | . . . . . . . . . . . . Recycled Matter . | . . . . . . . . . . . . Retrieved Matter . | . . . . . . . . . . . . Retrieved Components . | . . . . . . . . . . . . Parts Scanalyzed 2 | . . . . 2 . . . . . . . Part Schematics Acquired 2 | . . . . 2 . . . . . . . Parts Damaged . | . . . . . . . . . . . . Bothacking | -11 -10 -10 -7 -5 -5 -5 -5 -4 -4 -3 -3 ------------ Run | Yrd Mat Sub Scr Fac Upp Upp Zhi Pro Fac Res Tes Used RIF Installer . | . . . . . . . . . . . . Robots Hacked . | . . . . . . . . . . . . Non-combat . | . . . . . . . . . . . . Combat . | . . . . . . . . . . . . Robot Hacks Applied . | . . . . . . . . . . . . Relay Couplers Released . | . . . . . . . . . . . . Fabnet Peak Effective % . | . . . . . . . . . . . . Robots Rewired . | . . . . . . . . . . . . Allies Hacked 2 | . . . . 2 . . . . . . . Hacks Repelled . | . . . . . . . . . . . . Allies | -11 -10 -10 -7 -5 -5 -5 -5 -4 -4 -3 -3 -------- Run | Yrd Mat Sub Scr Fac Upp Upp Zhi Pro Fac Res Tes Total Allies 3 | . . . . 3 . . . . . . . Largest Group 3 | . . . . 3 . . . . . . . Highest-Rated Group 87 | . . . . 87 . . . . . . . Highest-Rated Ally 29 | . . . . 29 . . . . . . . Total Orders 3 | . . . . 1 . . . . 2 . . STAY 1 | . . . . . . . . . 1 . . EXPLORE 1 | . . . . 1 . . . . . . . RETURN 1 | . . . . . . . . . 1 . . Ally Attacks 19 | . . . . 6 . . . . 13 . . Total Damage 352 | . . . . 72 . . . . 280 . . Kills 2 | . . . . . . . . . 2 . . Allies Corrupted 1 | . . . . . . . . . 1 . . Allies Melted . | . . . . . . . . . . . . Intel | -11 -10 -10 -7 -5 -5 -5 -5 -4 -4 -3 -3 ------- Run | Yrd Mat Sub Scr Fac Upp Upp Zhi Pro Fac Res Tes Active Infowar (turns) 4195 | 3 144 . . 1411 340 241 104 221 696 791 244 Optics 3008 | . . . . 1411 340 241 104 221 467 . 224 Sensors 1326 | . . . . 91 . . . . 424 791 20 Terrain 583 | . . . . 476 . . . . 107 . . Seismic 947 | 3 144 . . 800 . . . . . . . ECM 439 | . . . . . . 2 . . . 437 . Robot Analysis Total 4 | . . . . . . . 4 . . . . Derelict Logs Recovered 5 | . . . . . 1 1 . 3 . . . Drone Launches 6 | . . . . 2 . . . . 4 . . Drone Recoveries 2 | . . . . . . . . . 2 . . Exploration | -11 -10 -10 -7 -5 -5 -5 -5 -4 -4 -3 -3 ------------- Run | Yrd Mat Sub Scr Fac Upp Upp Zhi Pro Fac Res Tes Turns Passed 6846 | 92 319 980 1137 1524 340 241 104 221 841 794 253 Spaces Moved 7294 | 51 170 572 708 940 454 281 179 540 1526 1530 343 Core 386 | 14 . . . . . . . . . 217 155 Treads 1514 | 37 170 572 708 27 . . . . . . . Legs 823 | . . . . 823 . . . . . . . Wheels . | . . . . . . . . . . . . Hover 7 | . . . . . . . . . . 7 . Flight 4564 | . . . . 90 454 281 179 540 1526 1306 188 Fastest Speed 19 | 50 160 160 160 37 37 37 25 25 20 19 35 Average Speed 67 | 129 160 160 160 108 37 37 31 25 28 31 44 Slowest Speed 240 | 160 160 160 160 240 37 37 37 27 99 120 100 Overloaded Moves 158 | . . . . . . . . . 122 36 . Propulsion Burnouts . | . . . . . . . . . . . . Robots Hopped 8 | . . . . 1 . . . . 5 2 . Potential Cave-ins . | . . . . . . . . . . . . Cave-ins Triggered . | . . . . . . . . . . . . Teleports 1 | . . . . . . . . . . 1 . Exploration Rate (%) 43 | 3 32 22 68 32 72 49 63 73 32 35 45 Regions Visited 11 Branch Regions 7 Pre-discovered Areas 6 | . . . . 1 1 . 3 1 . . . Known Exits Taken 2 | . . . . . . . . . 1 1 . Unknown Exits Taken 9 | 1 1 1 1 1 1 1 1 1 . . . Scrap Searched 6 | . . . 1 . 2 1 . 2 . . . Spaces Dug 89 | . . . . 21 . 1 . . 29 36 2 Terrain Destroyed 491 | . . 45 . 59 . 1 . 301 29 54 2 Melee 87 | . . . . 21 . 1 . . 29 34 2 Projectile 20 | . . . . . . . . . . 20 . AOE 384 | . . 45 . 38 . . . 301 . . . Terrain Rammed . | . . . . . . . . . . . . Walls Destroyed . | . . . . . . . . . . . . Machines Disabled . | . . . . . . . . . . . . Actions | -11 -10 -10 -7 -5 -5 -5 -5 -4 -4 -3 -3 --------- Run | Yrd Mat Sub Scr Fac Upp Upp Zhi Pro Fac Res Tes Total 8667 | 69 195 611 712 1252 625 413 207 595 1818 1737 433 Wait 709 | . 8 16 . 72 170 128 . 11 164 93 47 Move 7267 | 50 169 571 707 937 453 280 178 539 1515 1525 343 Hop 8 | . . . . 1 . . . . 5 2 . Pick Up 88 | 8 4 1 5 29 1 1 2 6 13 9 9 Fast Attach 51 | . . . . 20 . 1 10 1 9 7 3 Attach 63 | 7 . . . 17 . . 2 5 12 10 10 Detach 12 | . . . . 3 . . . . 2 3 4 Swap 39 | . 2 10 . 18 . . . . 5 4 . Drop 75 | . 1 . . 27 1 . 5 7 18 10 6 Fire 90 | 4 11 13 . 5 . . . 24 13 20 . Melee 264 | . . . . 123 . 3 10 2 62 54 10 Ram 1 | . . . . . . . . . . . 1 Kick . | . . . . . . . . . . . . Crush . | . . . . . . . . . . . . Escape Stasis . | . . . . . . . . . . . . Rewire . | . . . . . . . . . . . . Trap . | . . . . . . . . . . . . Miscellaneous . | . . . . . . . . . . . . Route ------- -11/Scrapyard -10/Materials (discovered 3 exits: [*Mat] / [*Min] / [*Sub]) -10/Subcaves (discovered 2 exits: [*Mat] / *Scr) -7/Scraptown (discovered 2 exits: *Fac x2) -5/Factory -5/Upper Caves -5/Upper Caves -5/Zhirov -4/Proximity Caves -4/Factory (discovered 2 exits: *Res x2) -3/Research (discovered 4 exits: *Res / Arm / *Tes x2) -3/Testing History --------- Turn | Location | Event 7 | -11/Scrapyard | Discovered new exit (range 16) 93 | -11/Scrapyard | Entered Materials 94 | -10/Materials | Met a group of wandering Federalists 223 | -10/Materials | Discovered new exit (range 12) 284 | -10/Materials | Discovered new exit (range 6) 315 | -10/Materials | Build established: Mutant 366 | -10/Materials | Discovered new exit (range 9) 412 | -10/Materials | Entered Subcaves 413 | -10/Subcaves | Continued accompanying wandering Federalists (3) 489 | -10/Subcaves | Ambushed by angry Subdweller bent on revenge 979 | -10/Subcaves | Discovered new exit (range 9) 1392 | -10/Subcaves | Entered Scraptown 1646 | -7/Scraptown | Discovered new exit (range 13) 1740 | -7/Scraptown | Visited Cyclists 1836 | -7/Scraptown | Visited UFD Registry 1836 | -7/Scraptown | Registered with UFD as "Carbontalker" 1857 | -7/Scraptown | Visited Shadow of the Wyrm 1924 | -7/Scraptown | Visited Sword Containment 1940 | -7/Scraptown | Found Prototype Slashing Weapon 1976 | -7/Scraptown | Visited Curators Association 2000 | -7/Scraptown | Visited Research Penetration Think Tank 2042 | -7/Scraptown | Visited Junk Repository 2101 | -7/Scraptown | Visited Scrap Suit Storage 2138 | -7/Scraptown | Visited Science Testing Area 2165 | -7/Scraptown | Visited A0-MCA Data Center 2175 | -7/Scraptown | Given an A rating by A0-MCA 2183 | -7/Scraptown | Found A0-MCA's Component Scanner 2219 | -7/Scraptown | Visited Botcube Research 2225 | -7/Scraptown | Found Lrg. Botcube 2258 | -7/Scraptown | Visited Abandonware Association 2276 | -7/Scraptown | Learned abandonware demo "KABOOM.EXE" 2276 | -7/Scraptown | Learned abandonware demo "POISON.EXE" 2437 | -7/Scraptown | Met Optimus 2437 | -7/Scraptown | Accepted into 0bPrime 2525 | -7/Scraptown | Discovered new exit (range 3) 2529 | -7/Scraptown | Entered Factory 2529 | -5/Factory | Evolved 10 slots: Propulsion x4, Utility x6 2756 | -5/Factory | Identified Companion Sword 2932 | -5/Factory | Lost 3 parts (2n1u) 3030 | -5/Factory | Central database locked down 3109 | -5/Factory | Lost 4 allies 3142 | -5/Factory | Lost 6 parts (5n1u) 3211 | -5/Factory | Build established: Scavenger-Mutant 3220 | -5/Factory | Loaded intel: 8 recycling unit locations 3443 | -5/Factory | Learned location of Protoforge (-2) 3499 | -5/Factory | Discovered new exit (range 5) 3780 | -5/Factory | Build established: Scavenger-Gladiator 4007 | -5/Factory | Core integrity fell below 50% 4031 | -5/Factory | Lost 11 parts (1p6n4u) 4053 | -5/Factory | Entered Upper Caves 4140 | -5/Upper Caves | Learned location of Armory (-3) 4270 | -5/Upper Caves | Build established: Gladiator 4386 | -5/Upper Caves | Discovered new exit (range 19) 4393 | -5/Upper Caves | Entered another Upper Caves area 4446 | -5/Upper Caves | Learned 4 Factory zone layouts 4630 | -5/Upper Caves | Discovered new exit (range 10) 4634 | -5/Upper Caves | Entered Zhirov 4634 | -5/Zhirov | Discovered new exit (range 3) 4641 | -5/Zhirov | Met Zhirov 4650 | -5/Zhirov | Learned location of Quarantine (-2) 4650 | -5/Zhirov | Learned location of Testing (-3) 4650 | -5/Zhirov | Learned location of Command (-1) 4655 | -5/Zhirov | Zhirov requested help retrieving the SGEMP Prototype 4661 | -5/Zhirov | Found Alien Artifact 4668 | -5/Zhirov | Found Alien Artifact 4668 | -5/Zhirov | Identified Integrated Dissipator 4668 | -5/Zhirov | Installed Integrated Dissipator, increased core heat dissipation (+20) 4738 | -5/Zhirov | Entered Proximity Caves 4749 | -4/Proximity Caves | Learned Research emergency access door positions 4806 | -4/Proximity Caves | Learned Research terminal intel 4932 | -4/Proximity Caves | Attracted the attention of an 0b10 checkpoint 4949 | -4/Proximity Caves | Build established: Hacker-Sprinter 4955 | -4/Proximity Caves | Discovered new exit (range 14) 4959 | -4/Proximity Caves | Entered Factory 4959 | -4/Factory | Evolved 2 slots: Power x1, Utility x1 4960 | -4/Factory | Identified exit to Research 4972 | -4/Factory | Found Com. Tesla Bomb Launcher 4973 | -4/Factory | Found Com. Tesla Bomb Launcher 4977 | -4/Factory | Loaded intel: 8 recycling unit locations 5106 | -4/Factory | Discovered exit to Research (range 22) 5182 | -4/Factory | Fabricated Assault Drone Bay (x1) 5209 | -4/Factory | First assault squad dispatched 5459 | -4/Factory | Search patrols dispatched 5709 | -4/Factory | Search patrols dispatched 5749 | -4/Factory | Fabricated Nuclear Pulse Thruster (x2) 5800 | -4/Factory | Entered Research 5800 | -3/Research | Evolved 2 slots: Utility x2 5802 | -3/Research | Loaded intel: 24 terminal locations 5807 | -3/Research | Identified exit to Armory 5807 | -3/Research | Identified exit to Testing 6076 | -3/Research | Discovered new exit (range 15) 6079 | -3/Research | Identified exit to Research 6300 | -3/Research | Search patrols dispatched 6386 | -3/Research | Hacking Suite fried by hacking feedback 6439 | -3/Research | Core integrity fell below 50% 6441 | -3/Research | System corruption reached 10% 6449 | -3/Research | Identified Transdimensional Reconstructor 6449 | -3/Research | Warped through subspace 6475 | -3/Research | Lost 12 parts (2p4n5u1w) 6594 | -3/Research | Entered Testing 6632 | -3/Testing | Spotted Superbehemoth 6685 | -3/Testing | Found Prototype Energy Cannon 6687 | -3/Testing | Identified Imp. Potential Cannon 6717 | -3/Testing | Found Prototype Processor 6717 | -3/Testing | Identified Spectral Analyzer 6744 | -3/Testing | Found Prototype Energy Gun 6745 | -3/Testing | Identified Hyp. EM Gauss Rifle 6791 | -3/Testing | Fabricated Gamma Bomb Array (x1) 6814 | -3/Testing | Spotted PH-BMI512KSPP 6845 | -3/Testing | Core integrity fell below 20% 6847 | -3/Testing | Self-destructed Last Messages --------------- 06814_ System corrupted: Energy discharge (-30). 06820_ Sneak attack on R-10 Processor. 06820_ Destroyed Com. Wheel. 06822_ Destroyed Hpw. Tractor Beam. 06822_ R-10 Processor destroyed. 06824_ ALERT: Hostiles spotted, dispatching reinforcements to Terminal T010. 06825_ Acquired 138 matter. 06827_ Reinforced Shell breached. 06832_ Connecting with Terminal... 06834_ System corrupted: Energy discharge (-26). 06835_ ALERT: Potential suspicious activity detected, Programmers report to Testing Zone 3F. 06835_ Slug penetrates Wall. 06837_ K-01 Serf collects debris. 06841_ Slug penetrates Wall. 06844_ Slug penetrates Machine. 06844_ Slug penetrates Wall. 06844_ Slug penetrates Machine. 06844_ Machine disabled. Map ----- +----------------------------------------------------+ | ??????? #???????????#########+#+#### # | | ???????"" #????????#### #??# #### ####### | | ???????"" #????????# "" #??# | | ???????"" ####?????#""" #??# | | ???????"" ? #?????#"T #### | | ???????"" ## #?????#" " + | | ??????? ## #?????# "" # ################ | | ??????? ##?######"### # #??????????????? ? | | ???????"" # #?# # #???????????????? ? | | ??????? # #?# # #????????????????? ? | | ???????"" # #?###/## #????????????????? | | ??????? # #???#h## #?????????????????? | | ??????? # #???# ## #??????????????????? | | ???????##### #???# ## #??????????????????? | | ??????? / #???# ## #??????????????????? | | ??????? # """" #?###;##/##?????????????????? | | ??????? + """" #?# = =#?????????????????? | | ?????? # " "" #?# ""=!#?????????????????? | | ?????##### # "" #?# """ #?????????????????? | | ?????????# # " #?# """ ######????????????? | | ???????????#? ????????# " # #????????????? | | ???????????? ?????????# + "" #????????????? | | ???????????????????????# s""" # T #????????????? | | ???????????????????????# "] # !#????????????? | | ???????????????????????# """ ## ##????????????? | | ???????????????????????#s@ s ## #?????????????? | | ??????????????????????#; s s ## #?????????????? | | ?????????????????????# ########## #?????????????? | | ?????????????????????##?????????# #?????????????? | | ????????????????????????????????# #?????????????? | | ????????????????????????????????# ????????????? | | ????????????????????????????????# ???????????? | | ????????????????????????????????# ??????????? | | ????????????????????????????????# ????????? | | ????????????????????????????????+ #### ???????? | | ????????????????????????????????# #??? ??????? | | ????????????????????????????????# #???? #?????? | | ????????????????????????????????# #????? ????? | | ???????????????????????????????? #?????? ###???? | | ???????????????????????????????? #???????#?????? | | ????????????????????????????????####?????????????? | | ?????????????????????????????????????????????????? | | ?????????????????????????????????????????????????? | | ?????????????????????????????????????????????????? | | ?????????????????????????????????????????????????? | | ?????????????????????????????????????????????????? | | ?????????????????????????????????????????????????? | | ?????????????????????????????????????????????????? | | ?????????????????????????????????????????????????? | | ?????????????????????????????????????????????????? | +----------------------------------------------------+ Best States ------------- Heat Dissipation 66 Energy Generation 39 Energy Capacity 365 Matter Stores 300 Matter Capacity 300 Sight Range 24 Robot Scan Range 16 Terrain Scan Range 16 Terrain Scan Density 10 ECM Strength 1 Armor Coverage 375 Core Shielding 30 Propulsion Shielding 90 Utility Shielding 66 Evasion (%) 77 Melee Accuracy 8 Target Analysis 6 Core Analysis 6 Recoil Reduction 2 Matter Filtering 50 Offensive Hacking 20 Defensive Hacking 24 Authchip Count 1 Item Schematics ----------------- Thunder Leg | -5/Factory | Scanalyzed Nuclear Pulse Thruster | -5/Factory | Scanalyzed Exp. Heat Sink | -5/Zhirov | Free Assault Drone Bay | -5/Zhirov | Free Exp. Optical Array | -5/Zhirov | Free Imp. Arc Thrower | -5/Zhirov | Free Robot Schematics ------------------ None Fabricated ------------ Assault Drone Bay | x1 | -4/Factory | Authchip Nuclear Pulse Thruster | x2 | -4/Factory | Authchip Gamma Bomb Array | x1 | -3/Testing | Preloaded Repaired ---------- Nothing Studied --------- Thunder Leg | -5/Factory | Hacked Alien Tech Used ----------------- Integrated Dissipator Transdimensional Reconstructor Achievements -------------- Art Critic Bending The Rules Civilization 2243 Express Service Fancy Inventory Hulk Smash Link The Feds Official Business Strength In Numbers Suspicious That Tickles Thread The Needle Around The Corner Wiki Contributor Challenges ------------ None Game ------ Seed EnhancedScatterMegashotty Manual? 0 Play Time 01:50:03 Cumulative 11.4 hours Start 2025.11.05 @ 13:58:31 End 2025.11.05 @ 19:40:00 Sessions 3 Manual Loads 0 Difficulty Rogue Special Mode None Game No. 8 Rogue 8 Adventurer 0 Explorer 0 Win Type - Total 0 Types 0/0/0/0/0/0/0/0/0/0 Lore% 5 Gallery% 18 Achievement% 45 Wizard Run 0 Options --------- Layout 0 ASCII 0 Keyboard 0 Movement Mouse Keybinds 0 Fullscreen 1 Font 18/SmallcapsGlow Map View 76x50 Zoom Use 0% Tactical HUD 1 Map Filters NONE Filters NONE Steam 1 RUN: 9f55bd3e-a47f-478f-8b26-f92a6ca83d46